 Dungeon Crawl Stone Soup version 0.15-a0-734-g2b8d6ef (webtiles) character file.

15 4tharraofdagon the Ruffian (level 2, -11/25 HPs)
             Began as a Naga Transmuter on May 11, 2014.
             Mangled by a mummy (20 damage)
             ... on Level 4 of the Dungeon.
             The game lasted 00:01:21 (207 turns).

4tharraofdagon the Ruffian (Naga Transmuter)         Turns: 207, Time: 00:01:21

HP -11/25        AC  1     Str 12      XL: 2   Next: 50%
MP   3/4         EV 10     Int 13      God:
Gold 38          SH  0     Dex 11      Spells:  1 memorised,  4 levels left

rFire  . . .     SeeInvis +       - Unarmed
rCold  . . .     Clarity  .     c - +0 robe
rNeg   . . .     Conserve .     (no shield)
rPois  +         rCorr    .     (helmet restricted)
rElec  .         rRot     .     (no cloak)
SustAb . .       Spirit   .     (no gloves)
rMut   .         Warding  .     (no barding)
Gourm  .         Stasis   .     (no amulet)
MR     .....                    (no ring)
                                (no ring)

@: appendage, very slow, not resistant to hostile enchantments, very unstealthy
A: spit poison, horns 2, see invisible, deformed body, poison resistance,
slowness 2
a: Spit Poison, End Transformation


You were on level 4 of the Dungeon.
You were not hungry.
You had grown temporary horns.
You visited 1 branch of the dungeon, and saw 4 of its levels.

You collected 38 gold pieces.

Inventory:

Missiles
 b - 12 arrows
Armour
 c - a +0 robe (worn)
Magical devices
 g - a wand of invisibility (2)
Comestibles
 a - a bread ration
Scrolls
 e - a scroll of remove curse {unknown}
 h - a scroll of fog {unknown}
Potions
 f - a potion of porridge
Books
 d - a book of Changes

   Spells                             Type                      Level
   *Beastly Appendage                 Transmutation                1
   Sticks to Snakes                   Transmutation                2
   Spider Form                        Transmutation/Poison         3
   Ice Form                           Ice/Transmutation            4
   Blade Hands                        Transmutation                5


   Skills:
 + Level 1.4 Fighting
 + Level 1.6 Dodging
 * Level 3.3 Unarmed Combat
 + Level 2.1 Spellcasting
 + Level 2.1 Transmutations


You had 4 spell levels left.
You knew the following spells:

 Your Spells              Type           Power        Failure   Level  Hunger
a - Beastly Appendage     Trmt           #.....       12%         1    ##.....


Dungeon Overview and Level Annotations

Branches:
Dungeon (4/15)
 Temple: D:4-7

Altars:

Portals:
Ossuary: D:4


Innate Abilities, Weirdness & Mutations

You cannot wear boots.
You can spit poison.
You have supernaturally acute eyesight.
Armour fits poorly on your strangely shaped body.
Your system is resistant to poisons.
You cover ground very slowly.
You have a pair of horns on your head.


Message History

You now have 34 gold pieces (gained 5).
You have got your breath back.
You now have 38 gold pieces (gained 4).
Found 23 darts.
Found a dagger.
You see here 23 darts.
You hear the rapid hiss of an avalanche of sand.
You open the door.
A mummy comes into view.
Found a sand-covered staircase.
Casting: Beastly Appendage
Confirm with . or Enter, or press ? or * to list all spells.
You grow a pair of large bovine horns.
You hit the mummy but do no damage. The mummy hits you!
You closely miss the mummy. You hit the mummy.
The mummy is moderately damaged.
The mummy hits you!
Ouch! That really hurt!
You die...

#..#..# ########.....#
............#....
........(..##......
.#######..###.....# #..##
+.....# #..#.###.....#
....##..##.....########
.....# #@..#.............
..).##∩M.................
##. ###...#...%......# #
#..##..........#
#.###..........# ..##
+..........### ...
#............. ..
#.#####....... . #.#
#..#####


You could see a mummy.

Vanquished Creatures
  A giant mite (D:2)
  A giant cockroach (D:1)
  2 goblins
  A ball python (D:4)
  2 giant newts (D:1)
  4 rats
11 creatures vanquished.

Notes
Turn   | Place    | Note
--------------------------------------------------------------
     0 | D:1      | 4tharraofdagon, the Naga Transmuter, began the quest for the Orb.
     0 | D:1      | Reached XP level 1. HP: 18/18 MP: 3/3
    94 | D:2      | Reached XP level 2. HP: 13/25 MP: 4/4
   203 | D:4      | Found a sand-covered staircase.
   207 | D:4      | Mangled by a mummy

Action                   || total
-------------------------++-------
Melee: Unarmed           ||    28
 Cast: Beastly Appendage ||     1
 Abil: Spit Poison       ||     6
Evoke: Wand              ||     1

Vault maps used:
D:1:      minmay_arrival_stone_box
D:2:      st_stairs_11, uniq_sigmund, uniq_terence
D:3:      uniq_jessica, uniq_grinder, uniq_iyjb
D:4:      first_bread, nicolae_ossuary_entry_giza, minivault_11,
          kennysheep_pointless_box, minmay_joined_circles, uniq_duvessa,
          uniq_pikel
